 Dungeon Crawl Stone Soup version 0.27.0-1-g7a089689b8 (webtiles) character file.

Game seed: 10355767385099199355

26 PentaManta the Ruffian (level 3, -2/31 HPs)
             Began as a Ghoul Monk on Aug 15, 2021.
             Slain by Terence (7 damage)
             ... on level 1 of the Dungeon.
             The game lasted 00:01:48 (959 turns).

PentaManta the Ruffian (Ghoul Monk)                  Turns: 959, Time: 00:01:48

Health: -2/31      AC:  4    Str: 15    XL:     3   Next: 8%
Magic:  2/2        EV: 12    Int:  5    God:
Gold:   24         SH:  0    Dex: 11    Spells: 2/2 levels left

rFire    . . .     SeeInvis .     - Unarmed
rCold    + . .     Faith    .   (no shield)
rNeg     + + +     Spirit   .   g - +0 leather armour
rPois    ∞         Reflect  .   (no helmet)
rElec    .         Harm     .   d - +0 cloak
rCorr    .         Rampage  .   (no gloves)
Will     .....                  (no boots)
Stlth    ++........             (no amulet)
HPRegen  0.00/turn              (no ring)
MPRegen  0.08/turn              (no ring)

@: mighty, inhibited regen
A: claws 1, cold resistance 1, negative energy resistance 3, inhibited
regeneration, torment resistance 2
a: no special abilities


You were on level 1 of the Dungeon.
You visited 1 branch of the dungeon, and saw 2 of its levels.

You collected 24 gold pieces.

Inventory:

Armour
 a - a +0 robe
 d - a +0 cloak (worn)
 g - a +0 leather armour (worn)
Jewellery
 f - a +6 ring of intelligence
Scrolls
 e - a scroll of silence


   Skills:
 - Level 3.2 Fighting
 - Level 2.6 Dodging
 - Level 2.1 Stealth
 + Level 4.6 Unarmed Combat


You had 2 spell levels left.
You didn't know any spells.
Your spell library was empty.

Dungeon Overview and Level Annotations

Branches:
Dungeon (2/15)

Altars:

Annotations:
D:1 Terence


Innate Abilities, Weirdness & Mutations

You thrive by killing the living.
You are immune to poison.
You have sharp fingernails.
Your flesh is cold resistant. (rC+)
You are immune to negative energy. (rN+++)
You do not regenerate when monsters are visible.
You are immune to unholy pain and torment.


Message History

A hobgoblin comes into view.
There is a stone staircase leading up here.
Terence is nearby!
Terence hits you but does no damage.
You climb upwards.
There is a stone staircase leading down here.
You scratch Terence.
Terence is moderately wounded.
Terence hits you with a +2 short sword of draining.
You barely miss Terence.
Terence is moderately wounded.
Terence hits you with a +2 short sword of draining.
You barely miss Terence.
Terence is moderately wounded.
Terence hits you with a +2 short sword of draining!
You completely miss Terence.
Terence is moderately wounded.
Terence hits you with a +2 short sword of draining!
* * * LOW HITPOINT WARNING * * *
You scratch Terence but do no damage.
Terence is moderately wounded.
Terence misses you.
You scratch Terence but do no damage.
Terence is moderately wounded.
Terence barely misses you. Terence barely misses you.
Press: ? - help, v - describe, . - travel
Here: Terence, wielding a +2 short sword of draining and wearing a +0 scale mail (moderately wounded)
The floor.
As you read the scroll labelled UHUAJO NUMO, it crumbles to dust.
It is a scroll of identify.
e - a scroll of silence Terence barely misses you.
It was a potion of might.
You feel very mighty all of a sudden. Terence barely misses you.
You claw Terence!
Terence is severely wounded.
Terence hits you with a +2 short sword of draining!
You die...

#........#
#........#
#####..#'########
#...'..#....P#...
##+###..#8###.####
#.>.....#...#.#...
#.....###.#.#.#.##
#@....##P.#.'.#.##
#@#####._.#####...
#.#.'.#P.#####....
#.#.#.#.####......
###.#..P#.........
#.###8#.........
#P...P#.........
#####'#.........
#............
####............


You could see Terence.

Vanquished Creatures
  A dart slug (D:2)
  3 ball pythons (D:1)
  A bat (D:1)
  2 endoplasms (D:1)
  A giant cockroach (D:1)
  A goblin (D:1)
  2 hobgoblins (D:1)
  3 jackals (D:1)
  2 kobolds (D:1)
  A quokka (D:1)
  2 frilled lizards (D:1)
  2 rats (D:1)
21 creatures vanquished.

Vanquished Creatures (others)
  2 fungi (D:1)
2 creatures vanquished.

Grand Total: 23 creatures vanquished

Notes
Turn   | Place    | Note
-------+----------+-------------------------------------------
     0 | D:1      | PentaManta the Ghoul Monk began the quest for the Orb.
     0 | D:1      | Reached XP level 1. HP: 19/19 MP: 0/0
   229 | D:1      | Reached XP level 2. HP: 21/26 MP: 1/1
   289 | D:1      | Reached skill level 4 in Unarmed Combat
   407 | D:1      | Found a faded altar of an unknown god.
   804 | D:1      | Reached XP level 3. HP: 31/31 MP: 2/2
   930 | D:2      | Noticed Terence
   959 | D:1      | Slain by Terence

Illustrated notes

Levels and vault maps discovered:
D:1:      evilmike_arrival_rings, layout_basic, shapermc_ecumenical_altar_ellora
D:2:      layout_basic, uniq_terence, uniq_natasha

Skill      XL: |  1  2 |
---------------+-------+-----
Unarmed Combat | 4 |  4.6
Fighting       | |  3.2
Dodging        | |  2.6
Stealth        | |  2.1

Action                   || total
-------------------------++-------
Melee: Unarmed           ||    63
       Punch             ||     1
  Use: Scroll            ||     1
       Potion            ||     1
 Stab: Sleeping          ||     3
Armor: Robe              ||     9
       Leather armour    ||     1
Dodge: Dodged            ||    33
